 Dungeon Crawl Stone Soup version 0.30-a0-476-g330ca2eb8e (webtiles) character file.

Game seed: 12775421550092729360

1395890 cforsyth the Petrodigitator (level 27, 173/173 HPs)
             Began as a Gargoyle Earth Elementalist on Dec 22, 2022.
             Was the Champion of Vehumet.
             Escaped with the Orb
             ... and 3 runes!
             The game lasted 04:30:26 (104998 turns).

cforsyth the Petrodigitator (GrEE)                Turns: 104998, Time: 04:30:27

Health: 173/173    AC: 38    Str: 20    XL:     27
Magic:  65/65      EV: 15    Int: 32    God:    Vehumet [******]
Gold:   5835       SH:  6    Dex:  8    Spells: 12/67 levels left

rFire   + . .      SeeInvis +    A - +6 hand axe "Fyplidas" {speed, rElec MP+9}
rCold   + + +      Faith    .    X - +1 buckler {rN+}
rNeg    + + +      Spirit   .    n - +4 skin of Zhor {*Englaciate rC+++ SInv}
rPois   ∞          Reflect  .    W - +0 helmet {SInv}
rElec   +          Harm     .    r - +2 cloak {rCorr}
rCorr   +          Rampage  .    S - +1 pair of gloves of Eternity {Fly Will+ Int+4 Slay-5}
Will    +++..      Rage     3%   y - +1 pair of boots {Stlth+}
Stlth   ++........               T - amulet of magic regeneration
HPRegen 0.48/turn                Y - ring "Ymaineci" {rPois MP+9 Str+3 Int+3 Stlth+}
MPRegen 0.79/turn                s - ring "Quhisk" {Drain rF+ rN++ AC+4 Str+2}

@: flying, studying Air Magic
A: sickness immunity, AC +20, big wings, negative energy resistance 1,
electricity resistance, torment resistance 1, petrification resistance, berserk
1, clumsy 1, dopey 1, no potion heal 1, subdued magic 1, inability to drink
after injury 1
0: Orb of Zot
}: 3/15 runes: decaying, serpentine, silver
a: Renounce Religion


You escaped.
You worshipped Vehumet.
Vehumet was exalted by your worship.
You visited 10 branches of the dungeon, and saw 48 of its levels.
You visited 1 bazaar.
You also visited: Bailey, Gauntlet, Ice Cave and Desolation.

You collected 9188 gold pieces.
You spent 3353 gold pieces at shops.

Inventory:

Hand Weapons
 A - the +6 hand axe "Fyplidas" (weapon) {speed, rElec MP+9}
   (You found it on level 2 of the Snake Pit)

   Attacks with this weapon are significantly faster.
   rElec:     It insulates you from electricity.
   MP:        It affects your magic capacity (+9).
Missiles
 Z - 9 silver javelins
Armour
 n - the +4 skin of Zhor (worn) {*Englaciate rC+++ SInv}
   (You found it in an ice cave)

   It radiates cold, occasionally slowing all nearby creatures who are not
   resistant to cold.
   rC:        It renders you almost immune to cold.
   SInv:      It lets you see invisible.
 r - a +2 cloak of preservation (worn)
 u - the +1 leather armour of Hepliaklqana's Pride {rElec Will+ Slay+3 Stlth+}
   (You found it on level 5 of the Dungeon)

   Slay:      It affects your accuracy & damage with ranged weapons and melee
   (+3).
   rElec:     It insulates you from electricity.
   Will:      It increases your willpower.
   Stlth:     It makes you more stealthy.
 y - a +1 pair of boots of stealth (worn)
 M - the +6 fire dragon scales of Inference {rF++ rC- Regen+ Int+3}
   (You found it in the Desolation of Salt)

   Int:       It affects your intelligence (+3).
   rF:        It greatly protects you from fire.
   rC:        It makes you vulnerable to cold.
   Regen:     It increases your rate of health regeneration.
 S - the +1 pair of gloves of Eternity (worn) {Fly Will+ Int+4 Slay-5}
   (You found it in a Gauntlet)

   Int:       It affects your intelligence (+4).
   Slay:      It affects your accuracy & damage with ranged weapons and melee
   (-5).
   Fly:       It grants you flight.
   Will:      It increases your willpower.
 W - a +0 helmet of see invisible (worn)
 X - a +1 buckler of positive energy (worn)
Jewellery
 f - the amulet "Suonk" {Spirit +Blink rN+}
   (You found it in the Desolation of Salt)

   [amulet of guardian spirit]

   It causes incoming damage to be divided between your reserves of health and
   magic.
   rN:        It protects you from negative energy.
   +Blink:    It lets you blink.
 j - a ring of see invisible
 k - a ring of protection from fire
 s - the ring "Quhisk" (right hand) {Drain rF+ rN++ AC+4 Str+2}
   (You bought it in a shop on level 1 of the Depths)

   [ring of protection]

   AC:        It affects your AC (+4).
   Str:       It affects your strength (+2).
   rF:        It protects you from fire.
   rN:        It greatly protects you from negative energy.
   Drain:     It drains your maximum health when unequipped.
 v - the ring "Jelynn" {rN+ Str+5 Int-2 Dex+3}
   (You found it in an ice cave)

   [ring of positive energy]

   Str:       It affects your strength (+5).
   Int:       It affects your intelligence (-2).
   Dex:       It affects your dexterity (+3).
   rN:        It protects you from negative energy.
 z - the ring of the Endless Expanse {Wiz rElec rCorr Str-5 Stlth+}
   (You took it off a deep elf annihilator on level 3 of the Elven Halls)

   [ring of wizardry]

   It improves your spell success rate.
   Str:       It affects your strength (-5).
   rElec:     It insulates you from electricity.
   rCorr:     It protects you from acid and corrosion.
   Stlth:     It makes you more stealthy.
 J - the ring "Pouwk" {rC+ EV+4 Dex+3 Slay+3}
   (You found it on level 10 of the Dungeon)

   [ring of evasion]

   EV:        It affects your evasion (+4).
   Dex:       It affects your dexterity (+3).
   Slay:      It affects your accuracy & damage with ranged weapons and melee
   (+3).
   rC:        It protects you from cold.
 K - the ring "Wesheu Nore" {Drain rN+ Dex+3 Slay+3}
   (You found it on level 1 of the Snake Pit)

   [ring of positive energy]

   Dex:       It affects your dexterity (+3).
   Slay:      It affects your accuracy & damage with ranged weapons and melee
   (+3).
   rN:        It protects you from negative energy.
   Drain:     It drains your maximum health when unequipped.
 R - a ring of positive energy
 T - an amulet of magic regeneration (around neck)
 Y - the ring "Ymaineci" (left hand) {rPois MP+9 Str+3 Int+3 Stlth+}
   (You found it in a Gauntlet)

   [ring of magical power]

   Str:       It affects your strength (+3).
   Int:       It affects your intelligence (+3).
   rPois:     It protects you from poison.
   MP:        It affects your magic capacity (+9).
   Stlth:     It makes you more stealthy.
Wands
 D - a wand of paralysis (44)
 H - a wand of digging (9)
 O - a wand of mindburst (34)
Scrolls
 a - 4 scrolls of enchant armour
 c - 4 scrolls of vulnerability
 g - 17 scrolls of teleportation
 m - 3 scrolls of silence
 q - 10 scrolls of fear
 w - 13 scrolls of immolation
 x - 9 scrolls of fog
 E - 6 scrolls of magic mapping
 F - 5 scrolls of blinking
 I - 4 scrolls of torment
 L - 9 scrolls of poison
 N - 12 scrolls of amnesia
 P - a scroll of summoning
Potions
 d - 7 potions of heal wounds
 e - 7 potions of mutation
 h - 3 potions of lignification
 i - 5 potions of ambrosia
 l - 5 potions of cancellation
 o - 11 potions of attraction
 p - 32 potions of curing
 t - 7 potions of berserk rage
 B - 15 potions of haste
 G - 8 potions of brilliance
 Q - 7 potions of might
 U - 3 potions of resistance
 V - 5 potions of invisibility
Miscellaneous
 C - a phantom mirror


   Skills:
 - Level 17.9 Fighting
 - Level 14.2 Dodging
 - Level 2.1 Stealth
 - Level 7.7 Shields
 - Level 20.8 Spellcasting
 + Level 22.2 Conjurations
 - Level 3.0 Necromancy
 - Level 0.7 Transmutations
 + Level 20.8 Fire Magic
 O Level 27 Earth Magic
 - Level 6.0 Evocations


You had 12 spell levels left.
You knew the following spells:

 Your Spells              Type           Power      Damage    Failure   Level
a - Sandblast             Erth           100%       2d20      0%          1
b - Lee's Rapid Deconstr  Erth           51%        3d24*     0%          5
c - Borgnjor's Vile Clut  Necr/Erth      39%        N/A       1%          5
d - Iron Shot             Conj/Erth      49%        9d9       0%          6
e - Iskenderun's Mystic   Conj/Tloc      69%        2d14      1%          4
f - Fireball              Conj/Fire      46%        3d18      0%          5
g - Leda's Liquefaction   Hex/Erth       37%        N/A       1%          4
h - Shatter               Erth           51%        3d39*     1%          9
i - Orb of Destruction    Conj           47%        9d12      1%          7
j - Fire Storm            Conj/Fire      46%        8d12      4%          9

Your spell library contained the following spells:

 Spells                   Type           Power      Damage    Failure   Level
 Chain Lightning          Conj/Air       34%        3d46      95%         9
 Kiss of Death            Conj/Necr      100%       2d13      0%          1
 Passwall                 Tmut/Erth      63%        N/A       0%          2
 Scorch                   Fire           100%       2d10      0%          2
 Static Discharge         Conj/Air       100%       2-7/arc   0%          2
 Hailstorm                Conj/Ice       69%        3d14      0%          3
 Stone Arrow              Conj/Erth      100%       3d13      0%          3
 Flame Wave               Conj/Fire      93%        2d20      0%          4
 Sticky Flame             Conj/Fire      93%        2d10      0%          4
 Iskenderun's Battlesphe  Conj           94%        2d14      0%          5
 Beastly Appendage        Tmut           58%        N/A       1%          1
 Freeze                   Ice            100%       1d10      1%          1
 Necrotise                Necr           100%       1d9       1%          1
 Sting                    Tmut/Pois      100%       1d8       1%          1
 Blink                    Tloc           50%        N/A       1%          2
 Ensorcelled Hibernation  Hex/Ice        50%        N/A       1%          2
 Poisonous Vapours        Pois/Air       50%        N/A       1%          2
 Wereblood                Tmut           29%        N/A       1%          2
 Frozen Ramparts          Ice            50%        1d8       1%          3
 Ignite Poison            Fire/Tmut/Pois 57%        N/A       1%          3
 Inner Flame              Hex/Fire       67%        N/A       1%          3
 Kindle Blastsparks       Fire/Tloc/Air  100%       2d18      1%          3
 Mephitic Cloud           Conj/Pois/Air  58%        N/A       1%          3
 Vampiric Draining        Necr           40%        2d8       1%          3
 Animate Armour           Summ/Erth      100%       N/A       1%          4
 Fulminant Prism          Conj/Hex       34%        3d15      1%          4
 Petrify                  Tmut/Erth      76%        N/A       1%          4
 Arcjolt                  Conj/Air       34%        1d44      1%          5
 Lightning Bolt           Conj/Air       34%        1d52      1%          5
 Conjure Ball Lightning   Conj/Air       34%        3x3d11    1%          6
 Lehudib's Crystal Spear  Conj/Erth      49%        10d12     1%          8
 Call Canine Familiar     Summ           25%        N/A       2%          3
 Confusing Touch          Hex            25%        N/A       2%          3
 Gell's Gravitas          Tloc           25%        N/A       2%          3
 Portal Projectile        Hex/Tloc       50%        N/A       2%          3
 Spider Form              Tmut/Pois      27%        N/A       2%          3
 Teleport Other           Tloc           25%        N/A       2%          3
 Vhi's Electric Charge    Tloc/Air       50%        N/A       2%          3
 Airstrike                Air            12%        2d(2-18)  2%          4
 Animate Dead             Necr           40%        N/A       2%          4
 Dispel Undead            Necr           40%        3d16      2%          4
 Anguish                  Hex/Necr       16%        N/A       5%          4
 Ice Form                 Ice/Tmut       27%        N/A       9%          4
 Manifold Assault         Tloc           25%        N/A       10%         4
 Summon Ice Beast         Ice/Summ       25%        N/A       10%         4
 Summon Lightning Spire   Summ/Air       25%        N/A       10%         4
 Blade Hands              Tmut           14%        N/A       22%         5
 Alistair's Intoxication  Tmut/Pois      18%        N/A       26%         5
 Summon Forest            Summ/Tloc      12%        N/A       30%         5
 Summon Mana Viper        Hex/Summ       25%        N/A       30%         5
 Eringya's Noxious Bog    Tmut/Pois      13%        N/A       36%         6
 Death Channel            Necr           20%        N/A       45%         6
 Dispersal                Tloc           12%        N/A       86%         6
 Summon Cactus Giant      Summ           12%        N/A       86%         6
 Haunt                    Necr/Summ      16%        N/A       99%         7
 Malign Gateway           Summ/Tloc      12%        N/A       100%        7
 Storm Form               Tmut/Air       13%        N/A       100%        7
 Disjunction              Tloc           12%        N/A       100%        8
 Infestation              Necr           20%        N/A       100%        8
 Maxwell's Capacitive Co  Air            12%        ∞         100%        8
 Summon Horrible Things   Summ           12%        N/A       100%        8
 Death's Door             Necr           20%        N/A       100%        9
 Cigotuvi's Dreadful Rot  Necr/Pois/Air  Unusable   N/A       N/A         2
 Sublimation of Blood     Necr           Unusable   N/A       N/A         2

Dungeon Overview and Level Annotations

Branches:
Dungeon (15/15)            Temple (1/1) D:5            Lair (5/5) D:11
  Swamp (4/4) Lair:2        Snake (4/4) Lair:2        Slime (0/5) Lair:5
    Orc (2/2) D:11            Elf (3/3) Orc:2        Vaults (5/5) D:14
  Crypt (0/3) Vaults:2     Depths (4/4) D:15            Zot (5/5) Depths:4
 Bailey (visited)           IceCv (visited)         Desolation (visited)
Gauntlet (visited)

Altars:
Ashenzari
Cheibriados
Dithmenos
Elyvilon
Fedhas
Gozag
Hepliaklqana
Kikubaaqudgha
Makhleb
Nemelex Xobeh
Okawaru
Qazlal
Ru
Sif Muna
Trog
Uskayaw
Vehumet
Wu Jian
Xom
Yredelemnul
Zin
The Shining One
Jiyva

Shops:
D:1 ?!*?   D:2 :*(   D:4 !   D:7 *   D:14 ??:   D:15 *   Orc:2 *(=   Elf:2 :
Elf:3 [   Snake:2 [   Vaults:1 *([(?   Vaults:5 (:   Depths:1 *!=!

Portals:
Hell: Depths:1 Depths:2 Depths:3 Depths:4
Abyss: Depths:1 Depths:2 Depths:3
Pandemonium: Depths:2
Ziggurat: Depths:3

Annotations:
Swamp:3 3 runed translucent doors, billz999's ghost, adept DjIE
Snake:3 1 runed translucent door, Nohucul's ghost, adept MiBe


Innate Abilities, Weirdness & Mutations

You are immune to sickness and miasma.
Your stone body is resilient. (AC +20)
You are immune to poison.
Your large and strong wings let you fly.
You resist negative energy. (rN+)
You are resistant to electric shocks. (rElec)
You are resistant to unholy torment.
You are immune to petrification.
You sometimes lose your temper in combat.
You are clumsy. (Dex -2)
You are dopey. (Int -2)
Potions are less effective at restoring your health.
Your spells are a little easier to cast, but a little less powerful.
You occasionally lose the ability to drink potions when taking damage.


Message History

A ynoxinul comes into view.
The ynoxinul gestures.
The ynoxinul gestures.
There is a stone staircase leading up here.
You fly upwards.
There is a stone staircase leading down here.
(D) Dungeon (T) Temple (L) Lair (S) Swamp (P) Snake Pit (M) Slime Pits (O) Orcish Mines (E) Elven Halls (V) Vaults (C) Crypt (U) Depths (H) Hell (Z) Zot
Where to? (Enter - D:5, ? - help)
There is a stone staircase leading up here.
You fly upwards.
There is a stone staircase leading down here.
There is an entrance to Matiecea's Distillery here.
The dungeon rumbles!
Ka-crash!
There is a stone staircase leading up here.
You fly upwards.
There is a stone staircase leading down here.
The dungeon rumbles!
Ka-crash!
The dungeon rumbles!
Ka-crash!
The dungeon rumbles!
Ka-crash!
The dungeon rumbles!
Ka-crash!
There is a stone staircase leading up here.
You fly upwards.
There is a stone staircase leading down here.
(D) Dungeon (T) Temple (L) Lair (S) Swamp (P) Snake Pit (M) Slime Pits (O) Orcish Mines (E) Elven Halls (V) Vaults (C) Crypt (U) Depths (H) Hell (Z) Zot
Where to? (Enter - D:4, ? - help)
You see here a +0 leather armour.
You reach down and open the door.
There is an open door here.
There is a stone staircase leading up here.
You fly upwards.
Magic restored.
There is a stone staircase leading down here.
You see here 8 stones.
There is a staircase leading out of the dungeon here.
You have escaped!

# #.#####.##### #.##.# # #.# #.#
#.##.# # #.# ##'# ####.##(#
###.####..# #........
..........########## #.#####.#
########..##.......######..####.#
# #.....'#≈≈§##............# #
#..##.#.....#......#..#### #
#..##.≈..@..§......##.# #
#####..##.≈..⌠..≈..[...##.# #
#.......#.#.....#......##.# #
#.###...####≈≈§###≈≈≈####.#
####.###....#......#.....#.#.#
...........##......≈..⌠..≈.#.####
####.##....##......≈.....≈.#.....
#.##.#...#......#.....#.......
#.##............##≈≈≈#+.######


There were no monsters in sight!

Vanquished Creatures
  Mennas (Vaults:4)
  5 ancient liches
  5 dread liches
  3 orbs of fire the Lernaean hydra (Swamp:4)
  10 Killer Klowns
  Saint Roka (Elf:3)
  A curse toe (Zot:1)
  Nikola (Swamp:4)
  8 golden dragons
  A Brimstone Fiend (D:9)
  7 electric golems
  A bone dragon (Depths:4)
  23 tentacled monstrosities
  2 hellephants (Depths:2)
  A Hell Sentinel (D:12)
  Mlioglotl (Swamp:4)
  28 Orb Guardians
  3 liches
  An Ice Fiend (D:14)
  2 deep elf master archers (Elf:3)
  7 titans
  14 quicksilver dragons
  10 death cobs
  4 sphinxes
  Donald (Elf:3)
  12 shadow dragons
  31 storm dragons
  The ghost of Siaveam the Stormcaller, an adept DrFE of Vehumet (D:15)
  9 draconian monks
  5 nagarajas
  8 draconian knights
  4 tengu reavers
  A fenstrider witch (Swamp:1)
  5 fire giants
  A daeva (D:8)
  8 draconian scorchers
  2 iron dragons
  4 frost giants
  16 vault wardens
  Louise (Depths:3)
  A caustic shrike zombie (D:15)
  3 deep elf elementalists
  4 ghost moths
  8 deep elf sorcerers
  2 imperial myrmidons (Desolation)
  3 draconian stormcallers
  2 angels (Vaults:2)
  2 orc warlords
  8 draconian shifters
  3 war gargoyles (Vaults:3)
  11 draconian annihilators
  16 very ugly things
  The ghost of zishaf the Cloud Mage, a journeyman TeAE of Ru (D:13)
  4 spriggan defenders (Depths:3)
  9 stone giants
  2 ironbound thunderhulks
  14 ironbound preservers
  A vampire knight (Depths:3)
  4 eleionomae
  16 green draconians
  7 deep elf annihilators
  9 yellow draconians
  11 dire elephants
  6 deep elf demonologists
  10 black draconians
  3 spark wasps
  14 white draconians
  12 bunyips
  12 red draconians
  A minotaur (Gauntlet)
  28 purple draconians
  2 halazid warlocks (Desolation)
  4 deep elf death magi
  7 crystal guardians
  2 entropy weavers
  8 deep elf high priests
  11 ettins
  7 great orbs of eyes
  3 salamander tyrants
  A shambling mangrove (Swamp:3)
  13 yaktaur captains
  6 fire dragons
  18 hydras
  7 ice dragons
  A rakshasa (Depths:1)
  2 ghost crabs
  A spriggan zombie (D:15)
  Erica (Lair:2)
  12 peacekeepers
  Erolcha (D:10)
  3 ragged hierophants (Desolation)
  8 servants of whispers (Desolation)
  2 ogre magi (Vaults:5)
  35 vault guards
  2 boulder beetles
  11 ironbound frosthearts
  A death knight (D:15)
  15 centaur warriors
  7 two-headed ogres
  13 anacondas
  4 deep troll shamans
  9 naga warriors
  5 spriggan air magi
  6 hell hogs (Depths:2)
  27 dancing weapons
  12 alligators
  6 tengu warriors
  9 death yaks
  5 orc high priests
  9 deep troll earth magi
  10 naga sharpshooters
  Urug (D:13)
  6 shock serpents
  10 hell knights
  2 spriggan berserkers
  Sonja (D:11)
  3 iron trolls (Depths:3)
  21 deep elf knights
  A spark wasp zombie (D:15)
  2 sixfirhies (D:12)
  7 goliath frogs
  6 salamander mystics
  5 skeletal warriors
  A spectral death yak (Lair:5)
  3 glowing orange brains
  12 swamp dragons
  A storm dragon skeleton (Vaults:4)
  5 spriggan druids
  47 deep trolls
  An obsidian statue (Lair:5)
  16 deep elf archers
  10 lindwurms
  13 naga ritualists
  39 deep elf pyromancers
  3 bog bodies
  5 wizards
  9 harpies (Vaults:1)
  35 deep elf zephyrmancers
  7 phantasmal warriors
  12 orc knights
  16 ironbound convokers
  7 necromancers
  12 mana vipers
  6 orc sorcerers
  7 will-o-the-wisps
  38 ugly things
  A glowing shapeshifter (Vaults:5)
  5 manticores
  18 salamanders
  A tengu skeleton (Vaults:4)
  28 moths of wrath
  Maurice (D:13)
  10 elephants
  21 naga magi
  13 guardian serpents
  39 black mambas
  2 torpor snails
  An ice statue (IceCv)
  A molten gargoyle (Desolation)
  22 vault sentinels
  11 cane toads
  A gargoyle (D:12)
  2 kobold demonologists
  41 yaktaurs
  An unseen horror (D:11)
  An efreet (D:14)
  9 komodo dragons
  Psyche (D:11)
  4 anaconda simulacra (IceCv)
  4 freezing wraiths
  11 ice devils (IceCv)
  4 tengu conjurers
  4 polar bears
  A guardian mummy (D:15)
  3 bloated husks
  7 trolls
  7 tyrant leeches
  A queen bee (shapeshifter) (Elf:1)
  Prince Ribbit (D:6)
  47 saltlings (Desolation)
  A human skeleton (Vaults:4)
  A spectral elephant (Lair:5)
  A slime creature (shapeshifter) (Vaults:5)
  13 hornets
  A tarantella (shapeshifter) (D:13)
  3 blink frogs (Lair:3)
  17 slime creatures
  A human simulacrum (Vaults:4)
  5 air elementals
  5 wraiths
  4 wyverns
  12 spriggans
  A ynoxinul (Zot:5)
  3 dire elephant simulacra (IceCv)
  5 water elementals
  54 yaks
  An elf zombie (Vaults:4)
  7 basilisks
  6 fire elementals
  9 redbacks
  2 steam dragons
  9 vampire mosquitoes
  9 death yak simulacra
  4 wargs
  Menkaure (D:4)
  2 harpy simulacra (IceCv)
  15 swamp worms
  Edmund (D:6)
  A tengu zombie (D:15)
  52 nagas
  19 water moccasins
  2 hydra simulacra (IceCv)
  An acid dragon (D:12)
  A black bear (shapeshifter) (Vaults:4)
  8 swamp drakes
  A black bear (D:6)
  38 orc warriors
  2 ice beasts
  8 ogres
  8 centaurs
  A small abomination (D:12)
  6 wolves (Lair:1)
  An elephant skeleton (Lair:5)
  2 phantoms
  A kobold brigand (D:10)
  Blork the orc (D:6)
  6 bullfrogs
  2 earth elementals
  2 gnoll sergeants
  3 two-headed ogre simulacra (IceCv)
  3 cane toad simulacra (IceCv)
  A necrophage (D:7)
  A scorpion (D:6)
  11 wights (D:8)
  3 killer bees (Gauntlet)
  2 elephant simulacra (IceCv)
  An electric eel (Lair:2)
  6 howler monkeys
  A hound (D:4)
  17 orc priests
  15 jellies
  Jessica (D:3)
  4 iguanas
  25 orc wizards
  2 spriggan simulacra (IceCv)
  13 hell rats
  2 polar bear simulacra (IceCv)
  7 wolf simulacra (IceCv)
  10 gnolls
  6 adders
  A white imp (IceCv)
  3 ufetubi
  2 worms
  2 dart slugs (D:1)
  98 orcs
  9 bats
  8 endoplasms
  6 giant cockroaches
  9 goblins
  6 hobgoblins
  5 jackals
  2 quokkas
  8 ball pythons
  4 frilled lizards
  13 kobolds
  5 rats
  A butterfly (Lair:5)
2149 creatures vanquished.

Vanquished Creatures (others)
  An Ice Fiend (D:12)
  A two-headed ogre (D:15)
  A spriggan (Swamp:4)
  An orc knight (D:15)
  A hornet (Swamp:4)
  A slime creature (Vaults:2)
  A yak (D:11)
  8 ball lightnings
  8 fire vortices (Zot:5)
  30 foxfires
  41 fungi
  51 plants
  39 withered plants
184 creatures vanquished.

Grand Total: 2333 creatures vanquished

Notes
Turn   | Place    | Note
-------+----------+-------------------------------------------
     0 | D:1      | cforsyth the Gargoyle Earth Elementalist began the quest
                  | for the Orb.
     0 | D:1      | Reached XP level 1. HP: 10/10 MP: 3/3
    15 | D:1      | Found Waheq's Magic Scroll Shop.
   104 | D:1      | Found Jiwit's General Store.
   155 | D:1      | Found Byut's Distillery.
   159 | D:1      | Reached XP level 2. HP: 13/15 MP: 0/5
   224 | D:1      | Reached skill level 4 in Earth Magic
   575 | D:1      | Reached XP level 3. HP: 19/19 MP: 3/6
  1059 | D:1      | Found Omaidos's Magic Scroll Shop.
  1064 | D:1      | Bought a scroll of teleportation for 33 gold pieces
  1064 | D:1      | Bought a scroll of identify for 22 gold pieces
  1071 | D:1      | Found Itungemp's Distillery.
  1366 | D:2      | Found Volojenn's Weapon Shoppe.
  1370 | D:2      | Found Behourei's Book Emporium.
  1477 | D:2      | Found Hixaves's General Store.
  1599 | D:2      | Found a faded altar of an unknown god.
  1644 | D:2      | Reached XP level 4. HP: 24/24 MP: 6/8
  2194 | D:3      | Found a hide-covered altar of Uskayaw.
  2283 | D:3      | Reached skill level 5 in Earth Magic
  2499 | D:3      | Noticed Jessica
  2502 | D:3      | Killed Jessica
  2503 | D:3      | Reached XP level 5. HP: 28/28 MP: 8/10
  3059 | D:4      | Noticed an ogre
  3059 | D:4      | Found Matiecea's Distillery.
  3060 | D:4      | Noticed a phantom
  3115 | D:4      | Killed a phantom
  3116 | D:4      | Reached skill level 6 in Earth Magic
  3116 | D:4      | Reached XP level 6. HP: 32/32 MP: 6/12
  3304 | D:4      | Reached skill level 5 in Spellcasting
  3304 | D:4      | Reached skill level 7 in Earth Magic
  3304 | D:4      | Reached XP level 7. HP: 36/36 MP: 10/14
  3304 | D:4      | Noticed Menkaure
  3309 | D:4      | Killed Menkaure
  3486 | D:4      | Found a shimmering altar of Xom.
  3781 | D:4      | Found a burning altar of Makhleb.
  3784 | D:4      | Found a white marble altar of Elyvilon.
  3785 | D:4      | Found a basalt altar of Yredelemnul.
  3786 | D:4      | Found a bloodstained altar of Trog.
  3838 | D:5      | Entered Level 5 of the Dungeon
  3850 | D:5      | Reached skill level 8 in Earth Magic
  3850 | D:5      | Reached XP level 8. HP: 41/41 MP: 11/16
  4045 | D:5      | Identified the +1 leather armour of Hepliaklqana's Pride
                  | {rElec Will+ Slay+3 Stlth+}
  4919 | D:5      | Found a staircase to the Ecumenical Temple.
  4929 | Temple   | Entered the Ecumenical Temple
  5186 | D:5      | Reached skill level 9 in Earth Magic
  5348 | D:6      | Found a radiant altar of Vehumet.
  5367 | D:6      | Became a worshipper of Vehumet
  5449 | D:6      | Noticed Blork the orc
  5451 | D:6      | Killed Blork the orc
  5702 | D:6      | Noticed Edmund
  5705 | D:6      | Killed Edmund
  5809 | D:6      | Reached skill level 10 in Earth Magic
  5847 | D:6      | Reached XP level 9. HP: 45/45 MP: 18/20
  6021 | D:6      | Noticed Prince Ribbit
  6026 | D:6      | Killed Prince Ribbit
  6065 | D:7      | Reached * piety under Vehumet
  6065 | D:7      | Offered knowledge of Freeze by Vehumet.
  6079 | D:7      | Found Zin's Purification Station.
  6082 | D:7      | Found a glowing silver altar of Zin.
  6227 | D:7      | Reached skill level 11 in Earth Magic
  6286 | D:7      | Found a flagged portal.
  6296 | Bailey   | Entered a bailey
  6692 | Bailey   | Reached skill level 12 in Earth Magic
  6740 | Bailey   | Acquired 780 gold pieces
  6743 | Bailey   | Noticed an orc knight
  7158 | D:2      | Bought the Folio of the Mortuary and Earth for 528 gold
                  | pieces
  7164 | D:2      | Learned a level 5 spell: Lee's Rapid Deconstruction
  7285 | D:8      | Reached XP level 10. HP: 51/51 MP: 12/23
  7378 | D:8      | Reached skill level 1 in Conjurations
  7490 | D:8      | Reached skill level 1 in Fighting
  7510 | D:8      | Offered knowledge of Magic Dart by Vehumet.
  7511 | D:8      | Reached skill level 1 in Evocations
  7512 | D:8      | Reached ** piety under Vehumet
  7769 | D:8      | Found an opulent altar of Gozag.
  7829 | D:8      | Got the Reference Book on Transmutation and Fog
  7931 | D:8      | Found a shadowy altar of Dithmenos.
  8302 | D:9      | You fall into a shaft and drop 2 floors!
  8370 | D:11     | Killed an unseen horror
  8510 | D:11     | Noticed a kobold demonologist
  8519 | D:11     | Killed a kobold demonologist
  8542 | D:11     | Reached XP level 11. HP: 60/60 MP: 17/24
  8646 | D:10     | Entered Level 10 of the Dungeon
  8661 | D:10     | Identified the ring "Pouwk" {rC+ EV+4 Dex+3 Slay+3}
  8831 | D:9      | Found the ring of Shadows {Umbra +Inv Stlth+}
  8968 | D:9      | Offered knowledge of Momentum Strike by Vehumet.
  9113 | D:9      | Reached *** piety under Vehumet
  9529 | D:9      | Found a hazy altar of Hepliaklqana.
  9810 | D:10     | Reached skill level 13 in Earth Magic
  9810 | D:10     | Noticed a two-headed ogre
  9814 | D:10     | Killed a two-headed ogre
  9814 | D:10     | Offered knowledge of Olgreb's Toxic Radiance by Vehumet.
  9815 | D:10     | Reached skill level 10 in Spellcasting
 10065 | D:10     | Noticed Erolcha
 10070 | D:10     | Killed Erolcha
 10288 | D:10     | Reached skill level 5 in Conjurations
 10291 | D:10     | Reached skill level 5 in Fighting
 10707 | D:10     | Found a blossoming altar of Fedhas.
 10978 | D:11     | Found a staircase to the Orcish Mines.
 11075 | D:11     | Noticed Psyche
 11088 | D:11     | Killed Psyche
 11100 | D:11     | Reached **** piety under Vehumet
 11225 | D:11     | Found a staircase to the Lair.
 11407 | D:11     | Noticed Sonja
 11419 | D:11     | Killed Sonja
 11419 | D:11     | Offered knowledge of Frozen Ramparts by Vehumet.
 11611 | Lair:1   | Entered Level 1 of the Lair of Beasts
 11615 | Lair:1   | Reached XP level 12. HP: 69/69 MP: 26/26
 11771 | Lair:1   | Reached skill level 5 in Dodging
 11979 | Lair:1   | Reached skill level 5 in Evocations
 12900 | Lair:1   | Learned a level 5 spell: Borgnjor's Vile Clutch
 13141 | Lair:2   | Reached skill level 1 in Necromancy
 13192 | Lair:2   | Reached skill level 14 in Earth Magic
 13212 | Lair:2   | Found a staircase to the Swamp.
 13288 | Lair:2   | Noticed Erica
 13376 | Lair:2   | Killed Erica
 13532 | Lair:2   | Learned a level 6 spell: Iron Shot
 13753 | Lair:2   | Found a staircase to the Snake Pit.
 13756 | Lair:2   | Reached ***** piety under Vehumet
 13962 | Lair:3   | Offered knowledge of Yara's Violent Unravelling by Vehumet.
 14411 | Lair:3   | Noticed a five-headed hydra
 14417 | Lair:3   | Killed a five-headed hydra
 14690 | Lair:3   | Reached XP level 13. HP: 76/76 MP: 13/28
 17311 | Lair:5   | Entered Level 5 of the Lair of Beasts
 17958 | Lair:5   | Found a staircase to the Slime Pits.
 17959 | Lair:5   | Found a viscous altar of Jiyva.
 19408 | Lair:4   | Gained mutation: Your large and strong wings let you fly.
                  | [Gargoyle growth]
 19408 | Lair:4   | Reached XP level 14. HP: 86/86 MP: 10/30
 20562 | Lair:5   | Noticed a dire elephant
 20563 | Lair:5   | Noticed a dire elephant
 20563 | Lair:5   | Noticed a dire elephant
 21014 | Lair:5   | Offered knowledge of Sticky Flame by Vehumet.
 21661 | Lair:5   | Killed a dire elephant
 21662 | Lair:5   | Reached skill level 10 in Conjurations
 21929 | Lair:5   | Killed a dire elephant
 21930 | Lair:5   | Reached skill level 10 in Fighting
 22924 | Lair:5   | Killed a dire elephant
 23714 | Lair:5   | Got the Teachings on the Grim Caves
 24737 | D:12     | Identified the +0 leather armour of the Dungeon {Fly rPois
                  | rC- Str+2}
 25321 | Orc:1    | Entered Level 1 of the Orcish Mines
 25679 | Orc:2    | Entered Level 2 of the Orcish Mines
 25724 | Orc:2    | Found a gate leading to a gauntlet.
 25733 | Gauntlet | Entered a Gauntlet
 25733 | Gauntlet | Found a transporter.
 25733 | Gauntlet | Found a transporter.
 25740 | Gauntlet | Found a transporter.
 25755 | Gauntlet | Found a transporter.
 25769 | Gauntlet | Found a transporter.
 25769 | Gauntlet | Found a transporter.
 25771 | Gauntlet | Found a transporter.
 25774 | Gauntlet | Found a transporter.
 25774 | Gauntlet | Found a transporter.
 25788 | Gauntlet | Found a transporter.
 25803 | Gauntlet | Found a transporter.
 25813 | Gauntlet | Found a transporter.
 25827 | Gauntlet | Found a transporter.
 25846 | Gauntlet | Found a transporter.
 25899 | Gauntlet | Identified the +1 pair of gloves of Eternity {Fly Will+
                  | Int+4 Slay-5}
 26029 | Gauntlet | Identified the +1 kite shield of Duck's Teeth {rF- Int+3
                  | Dex+2 Stlth+}
 26032 | Gauntlet | Identified the ring "Ymaineci" {rPois MP+9 Str+3 Int+3
                  | Stlth+}
 26129 | Gauntlet | Got the Incunabulum of Intoxication
 26247 | Orc:2    | Found a frozen archway.
 26256 | IceCv    | Entered an ice cave
 27460 | IceCv    | Found the +4 skin of Zhor {*Englaciate rC+++ SInv}
 27507 | IceCv    | Found an ancient bone altar of Kikubaaqudgha.
 27545 | IceCv    | Offered knowledge of Conjure Ball Lightning by Vehumet.
 28032 | IceCv    | Reached XP level 15. HP: 95/95 MP: 32/32
 28104 | IceCv    | Identified the ring "Jelynn" {rN+ Str+5 Int-2 Dex+3}
 29098 | Orc:2    | Found a staircase to the Elven Halls.
 29808 | Orc:2    | Found Gaytuvvawu's Weapon Shop.
 29808 | Orc:2    | Found Mid Roeh's Jewellery Emporium.
 29810 | Orc:2    | Found Xumed's Antique Weapon Shop.
 29810 | Orc:2    | Found Syruepeo's General Store.
 30858 | D:13     | Noticed Urug
 30862 | D:13     | Killed Urug
 31142 | D:13     | Found a runed translucent door.
 31143 | D:13     | Noticed zishaf's ghost (journeyman TeAE)
 31213 | D:13     | Noticed Maurice
 31216 | D:13     | Killed Maurice
 31585 | D:14     | Found Zosem's Magic Scroll Shop.
 31592 | D:14     | Found Gashrye's Magic Scroll Emporium.
 31663 | D:14     | Reached skill level 10 in Dodging
 31704 | D:14     | Found a blossoming altar of Fedhas.
 31851 | D:14     | Found a shadowy altar of Dithmenos.
 32087 | D:14     | Offered knowledge of Fireball by Vehumet.
 32094 | D:14     | Learned a level 5 spell: Fireball
 32222 | D:14     | Found a gate to the Vaults.
 32375 | D:14     | Found Zaogo's Book Emporium.
 32672 | D:14     | Reached skill level 1 in Fire Magic
 32897 | D:14     | Acquired 743 gold pieces
 32930 | D:15     | Entered Level 15 of the Dungeon
 33132 | D:15     | Found a bloodstained altar of Trog.
 33132 | D:15     | Noticed Siaveam's ghost (adept DrFE)
 33139 | D:15     | Found a transporter.
 33885 | D:15     | Found a staircase to the Depths.
 34072 | D:15     | Reached XP level 16. HP: 104/104 MP: 29/34
 34327 | D:15     | Found a transporter.
 34366 | D:15     | Found Raoh's General Store.
 34526 | D:15     | Found a sparkling altar of Nemelex Xobeh.
 34914 | Snake:1  | Entered Level 1 of the Snake Pit
 35729 | Snake:1  | Identified the ring "Wesheu Nore" {Drain rN+ Dex+3 Slay+3}
 36011 | Lair:2   | Learned a level 4 spell: Iskenderun's Mystic Blast
 36563 | Snake:1  | Reached skill level 5 in Fire Magic
 36702 | Snake:1  | Offered knowledge of Lightning Bolt by Vehumet.
 37912 | Snake:2  | Identified the +6 hand axe "Fyplidas" {speed, rElec MP+9}
 38312 | Snake:2  | Found Gynuiph's Antique Armour Emporium.
 38639 | Snake:3  | Reached skill level 15 in Spellcasting
 38961 | Snake:3  | Noticed a nagaraja
 39150 | Snake:3  | Killed a nagaraja
 39150 | Snake:3  | Offered knowledge of Starburst by Vehumet.
 39319 | Snake:3  | Noticed Nohucul's ghost (adept MiBe)
 39324 | Snake:3  | Found a runed translucent door.
 39412 | Snake:3  | Reached XP level 17. HP: 112/112 MP: 36/36
 40530 | Snake:3  | Reached skill level 15 in Fighting
 40709 | Snake:4  | Entered Level 4 of the Snake Pit
 41250 | Snake:4  | Learned a level 4 spell: Leda's Liquefaction
 41308 | Snake:4  | Reached skill level 1 in Shields
 41935 | Snake:4  | Offered knowledge of Ignition by Vehumet.
 42760 | Snake:4  | Got a serpentine rune of Zot
 43145 | Swamp:1  | Entered Level 1 of the Swamp
 43366 | Swamp:1  | Reached XP level 18. HP: 115/120 MP: 37/37
 43527 | Swamp:1  | Found the ring of the Hare {EV+8}
 43535 | Swamp:1  | Reached skill level 5 in Shields
 44879 | Swamp:2  | HP: 6/120 [will-o-the-wisp/foxfire (9)]
 47218 | Swamp:3  | Noticed billz999's ghost (adept DjIE)
 47451 | Swamp:3  | Found a runed translucent gate.
 47451 | Swamp:3  | Found a runed translucent gate.
 47451 | Swamp:3  | Found a runed translucent gate.
 48941 | D:15     | Killed Siaveam's ghost
 49309 | Snake:2  | Bought a pair of runed boots for 142 gold pieces
 49558 | Swamp:3  | Noticed a tentacled monstrosity
 49566 | Swamp:3  | Killed a tentacled monstrosity
 49639 | Swamp:3  | Reached ****** piety under Vehumet
 49768 | Swamp:4  | Entered Level 4 of the Swamp
 49874 | Swamp:4  | Noticed Mlioglotl
 49881 | Swamp:4  | Killed Mlioglotl
 49928 | Swamp:4  | Offered knowledge of Fire Storm by Vehumet.
 49928 | Swamp:4  | Offered knowledge of Shatter by Vehumet.
 49928 | Swamp:4  | Offered knowledge of Chain Lightning by Vehumet.
 49960 | Swamp:4  | Noticed Nikola
 50192 | Swamp:4  | Killed Nikola
 51138 | Swamp:4  | Reached XP level 19. HP: 127/127 MP: 39/39
 51459 | Swamp:4  | Reached skill level 15 in Earth Magic
 51609 | Swamp:4  | Noticed the 27-headed Lernaean hydra
 51854 | Swamp:4  | Killed the 27-headed Lernaean hydra
 52692 | Swamp:4  | Got a decaying rune of Zot
 52948 | Vaults:1 | Entered Level 1 of the Vaults
 53317 | D:13     | Killed zishaf's ghost
 53679 | Elf:1    | Entered Level 1 of the Elven Halls
 54066 | Elf:1    | Reached skill level 10 in Fire Magic
 54687 | Elf:1    | Found a runed translucent gate.
 54687 | Elf:1    | Found a runed translucent gate.
 54687 | Elf:1    | Found a runed translucent gate.
 54687 | Elf:1    | Found a runed translucent gate.
 54687 | Elf:1    | Found a runed translucent gate.
 54688 | Elf:1    | Found a runed translucent gate.
 54693 | Elf:1    | Identified the +1 helmet "Cuecifra" {-Tele Dex+2 SInv}
 55539 | Elf:2    | Reached skill level 16 in Earth Magic
 55541 | Elf:2    | Paralysed by an air elemental for 1 turns
 55868 | Elf:2    | Paralysed by an air elemental for 1 turns
 55969 | Elf:2    | Found a runed translucent gate.
 55969 | Elf:2    | Found a runed translucent gate.
 55970 | Elf:2    | Found a runed translucent gate.
 56031 | Elf:2    | Found Egastecw's Book Shoppe.
 56314 | Elf:2    | Reached XP level 20. HP: 96/134 MP: 20/41
 57344 | Elf:3    | Entered Level 3 of the Elven Halls
 57945 | Elf:3    | Noticed Donald
 57955 | Elf:3    | Killed Donald
 58658 | Elf:3    | Found Qigoo's Armour Shoppe.
 58673 | Elf:3    | Noticed Saint Roka
 58883 | Elf:3    | Killed Saint Roka
 59046 | Elf:3    | Reached skill level 17 in Earth Magic
 59313 | Elf:3    | Identified the ring "Pilluik" {Ice Will+ rCorr Str-3}
 59423 | Elf:3    | Identified the +1 leather armour of Ashenzari's Pride
                  | {Dex+3}
 59423 | Elf:3    | Identified the ring of Recklessness {rPois MP+9 Dex+2
                  | Slay+2}
 59485 | Elf:3    | Identified the ring of the Endless Expanse {Wiz rElec rCorr
                  | Str-5 Stlth+}
 60110 | Elf:3    | Found the +3 greatsling "Punk" {acid, rCorr}
 60141 | Elf:3    | Identified the +1 dagger "Ogre's Demise" {vorpal, Str+3}
 60147 | Elf:3    | Identified the +5 trident of a Thousand Dreams {vorpal,
                  | *Rage *Slow rC+++ Str+7}
 60149 | Elf:3    | Identified the +5 ring mail of Quick Surprise {rPois SInv
                  | Stlth-}
 60582 | Vaults:1 | Found Aninio's Weapon Boutique.
 60759 | Vaults:1 | Found Rik Deqi's Assorted Antiques.
 60764 | Vaults:1 | Bought a dazzling long sword for 153 gold pieces
 60764 | Vaults:1 | Identified the +3 long sword "Xetapes" {vorpal, rPois rN+
                  | Will+} (You bought it in a shop on level 1 of the Vaults)
 60841 | Vaults:1 | Reached skill level 18 in Earth Magic
 60907 | Vaults:1 | Found Oraurom's Weapon Boutique.
 60913 | Vaults:1 | Reached XP level 21. HP: 140/140 MP: 43/43
 61051 | Vaults:1 | Found Huilik's Antique Armour Shop.
 61972 | Vaults:1 | Found Eropn's Magic Scroll Boutique.
 61980 | Vaults:1 | Bought a scroll of teleportation for 42 gold pieces
 61980 | Vaults:1 | Bought a scroll of blinking for 105 gold pieces
 61980 | Vaults:1 | Bought a scroll of teleportation for 42 gold pieces
 62151 | Vaults:1 | Reached skill level 19 in Earth Magic
 62480 | Vaults:2 | Found a glowing golden altar of the Shining One.
 62481 | Vaults:2 | Found a crumbling gateway.
 62481 | Vaults:2 | Found a glowing silver altar of Zin.
 62514 | Vaults:2 | Found a white marble altar of Elyvilon.
 62521 | Desolati | Entered the Desolation of Salt
 62825 | Desolati | Identified the amulet "Suonk" {Spirit +Blink rN+}
 63470 | Desolati | Identified the +0 plate armour "Witegras" {rF+ rN+ rCorr}
 63472 | Desolati | Identified the +7 plate armour of Rafakeum {rF+ rC+ Dex+3}
 63473 | Desolati | Identified the +1 leather armour of Gallantry {Stlth+}
 63477 | Desolati | Identified the +6 fire dragon scales of Inference {rF++ rC-
                  | Regen+ Int+3}
 63617 | Desolati | Identified the ring of the Leaping Traitor {Wiz rElec rN+
                  | Will-}
 63621 | Desolati | Identified the +6 war axe of Defence {flame, Drain rC+ rN+
                  | Int+7}
 63895 | Vaults:2 | Reached skill level 20 in Earth Magic
 64516 | Vaults:2 | Reached XP level 22. HP: 132/146 MP: 46/46
 64957 | Vaults:2 | Learned a level 9 spell: Shatter
 65074 | Vaults:2 | Found a staircase to the Crypt.
 65074 | Vaults:2 | Found an ancient bone altar of Kikubaaqudgha.
 65075 | Vaults:2 | Found a basalt altar of Yredelemnul.
 65805 | Vaults:3 | Reached skill level 21 in Earth Magic
 67459 | Vaults:4 | Noticed Mennas
 67494 | Vaults:4 | Killed Mennas
 67796 | Vaults:4 | Reached skill level 22 in Earth Magic
 68593 | Vaults:4 | Identified the +9 triple crossbow of Classification {speed,
                  | rElec Will+}
 68599 | Vaults:4 | Identified the +10 arbalest "Leviticus" {speed, Str+3 SInv}
 68902 | Vaults:5 | Entered Level 5 of the Vaults
 68904 | Vaults:5 | Reached XP level 23. HP: 152/152 MP: 47/47
 68911 | Vaults:5 | Noticed a dread lich
 68915 | Vaults:5 | Killed a dread lich
 68915 | Vaults:5 | Noticed a dread lich
 68917 | Vaults:5 | Killed a dread lich
 68926 | Vaults:5 | Reached skill level 23 in Earth Magic
 70000 | Vaults:5 | Noticed a golden dragon
 70008 | Vaults:5 | Killed a golden dragon
 71000 | Vaults:5 | Reached XP level 24. HP: 157/157 MP: 33/47
 71444 | Vaults:5 | Found Vafes's Weapon Boutique.
 71449 | Vaults:5 | Got the Catalogue of Despicable Rituals
 71450 | Vaults:5 | Identified the amulet "Copp" {Faith Regen+ Dex+4 Stlth+}
 71470 | Vaults:5 | Identified the amulet "Cinirr" {Faith Harm Rampage Int+5
                  | Dex+4}
 71767 | Vaults:5 | Got a silver rune of Zot
 71774 | Vaults:5 | Identified the +1 leather armour of Theory {*Corrode rF+
                  | Regen+}
 72016 | Vaults:5 | Found Zuudaepn's Book Shoppe.
 72363 | Depths:1 | Entered Level 1 of the Depths
 72838 | Depths:1 | Found a gateway to Hell.
 72875 | Depths:1 | Identified the +6 spear of the Loving Gods {flame, rC+}
 72897 | Depths:1 | Found a one-way gate to the infinite horrors of the Abyss.
 72993 | Depths:1 | Found a snail-covered altar of Cheibriados.
 73091 | Depths:1 | Found Wuzxec's Distillery.
 73093 | Depths:1 | Found Kuor's Jewellery Boutique.
 73093 | Depths:1 | Found Liugeuphu's Distillery.
 73096 | Depths:1 | Found Tubeoded's General Store.
 73107 | Depths:1 | Bought a potion of haste for 190 gold pieces
 73107 | Depths:1 | Bought a potion of resistance for 190 gold pieces
 73107 | Depths:1 | Bought a potion of haste for 190 gold pieces
 73597 | Depths:2 | Reached skill level 24 in Earth Magic
 73778 | Depths:2 | Found a burning altar of Makhleb.
 73969 | Depths:2 | Found a one-way gate leading to the halls of Pandemonium.
 74141 | Depths:2 | You are sucked into a shaft and drop 1 floor!
 74141 | Depths:3 | Found a flickering gateway to a bazaar.
 74145 | Bazaar   | Entered a bazaar
 74148 | Bazaar   | Found Dilaorch's Book Emporium.
 74156 | Bazaar   | Found Zepnutew's Weapon Boutique.
 74197 | Bazaar   | Found Jigal's Jewellery Shoppe.
 74205 | Bazaar   | Found Faededd's Antique Armour Shop.
 74213 | Bazaar   | Bought a bloodstained helmet for 209 gold pieces
 74213 | Bazaar   | Identified the -2 helmet of Intercession {rF+ Will+} (You
                  | bought it in a shop in a bazaar)
 74213 | Bazaar   | Bought a pair of faintly humming gloves for 209 gold pieces
 74213 | Bazaar   | Identified the +1 pair of gloves of Gestures {rElec} (You
                  | bought it in a shop in a bazaar)
 74258 | Bazaar   | Bought a book of the Spheres for 648 gold pieces
 74266 | Bazaar   | Learned a level 7 spell: Orb of Destruction
 75193 | Depths:3 | Identified the +9 demon trident "Ozxeola" {elec, rC- rN++}
 75195 | Depths:3 | Reached skill level 15 in Conjurations
 76022 | Depths:3 | Noticed Louise
 76025 | Depths:3 | Killed Louise
 76110 | Depths:3 | Found a one-way gateway to a ziggurat.
 76501 | Depths:4 | Entered Level 4 of the Depths
 77688 | Depths:4 | Found a gate to the Realm of Zot.
 77699 | Depths:4 | Identified the +1 tower shield "Ebbeihu" {rElec rC+ Stlth-}
 77861 | Zot:1    | Entered Level 1 of the Realm of Zot
 77866 | Zot:1    | Reached skill level 15 in Fire Magic
 77873 | Zot:1    | Reached skill level 25 in Earth Magic
 77873 | Zot:1    | Reached XP level 25. HP: 160/162 MP: 20/47
 80748 | Zot:1    | Found a huge runed gate.
 80748 | Zot:1    | Found a huge runed gate.
 80748 | Zot:1    | Found a huge runed gate.
 80748 | Zot:1    | Found a huge runed gate.
 80748 | Zot:1    | Found a huge runed gate.
 80748 | Zot:1    | Found a huge runed gate.
 80749 | Zot:1    | Found a huge runed gate.
 80750 | Zot:1    | Found a huge runed gate.
 80751 | Zot:1    | Found a huge runed gate.
 80752 | Zot:1    | Found a huge runed gate.
 80766 | Zot:1    | Found a huge runed gate.
 80766 | Zot:1    | Found a huge runed gate.
 80766 | Zot:1    | Found a huge runed gate.
 80766 | Zot:1    | Found a huge runed gate.
 80766 | Zot:1    | Found a huge runed gate.
 80767 | Zot:1    | Found a huge runed gate.
 80768 | Zot:1    | Found a huge runed gate.
 80781 | Zot:1    | Found a huge runed gate.
 80782 | Zot:1    | Found a huge runed gate.
 80790 | Zot:1    | Found a huge runed gate.
 80790 | Zot:1    | Found a huge runed gate.
 80790 | Zot:1    | Found a huge runed gate.
 80790 | Zot:1    | Found a huge runed gate.
 80790 | Zot:1    | Found a huge runed gate.
 80790 | Zot:1    | Found a huge runed gate.
 80791 | Zot:1    | Found a huge runed gate.
 80792 | Zot:1    | Found a huge runed gate.
 80793 | Zot:1    | Found a huge runed gate.
 80801 | Zot:1    | Found a huge runed gate.
 80801 | Zot:1    | Found a huge runed gate.
 80801 | Zot:1    | Found a huge runed gate.
 80801 | Zot:1    | Found a huge runed gate.
 80801 | Zot:1    | Found a huge runed gate.
 80801 | Zot:1    | Found a huge runed gate.
 80802 | Zot:1    | Found a huge runed gate.
 80803 | Zot:1    | Found a huge runed gate.
 80985 | Zot:1    | Noticed a Killer Klown
 80985 | Zot:1    | Noticed an ancient lich
 80985 | Zot:1    | Noticed a Killer Klown
 80985 | Zot:1    | Noticed a dread lich
 80986 | Zot:1    | Noticed a Killer Klown
 80986 | Zot:1    | Identified the +10 great sword of Kismet {vorpal, rElec
                  | rPois Str+2}
 80988 | Zot:1    | Killed a dread lich
 80988 | Zot:1    | Killed a Killer Klown
 80989 | Zot:1    | Killed a Killer Klown
 80989 | Zot:1    | Killed a Killer Klown
 80989 | Zot:1    | Killed an ancient lich
 80992 | Zot:1    | Noticed an ancient lich
 80994 | Zot:1    | Killed an ancient lich
 81579 | Zot:1    | Identified the +7 sling "Dragon's Doom" {flame, *Slow rF-
                  | rC++ Int+3}
 82531 | Zot:2    | Reached skill level 26 in Earth Magic
 83603 | Zot:2    | Noticed a Killer Klown
 83946 | Zot:2    | Reached XP level 26. HP: 164/168 MP: 47/47
 83949 | Zot:2    | Killed a Killer Klown
 85810 | Zot:3    | Noticed a Killer Klown
 86190 | Zot:3    | Killed a Killer Klown
 88948 | Zot:4    | Reached skill level 27 in Earth Magic
 92823 | Zot:4    | Noticed a Killer Klown
 92827 | Zot:4    | Killed a Killer Klown
 93424 | Zot:5    | Entered Level 5 of the Realm of Zot
 93632 | Zot:4    | Reached XP level 27. HP: 149/171 MP: 5/47
 93642 | Zot:4    | Learned a level 9 spell: Fire Storm
 94069 | Zot:5    | Noticed an ancient lich
 94072 | Zot:5    | Killed an ancient lich
 94440 | Zot:5    | Noticed an orb of fire
 94441 | Zot:5    | Gained mutation: You are clumsy. (Dex -2) [an orb of fire]
 94445 | Zot:5    | Gained mutation: You are dopey. (Int -2) [an orb of fire]
 94448 | Zot:5    | Killed an orb of fire
 94457 | Zot:5    | Noticed an orb of fire
 94995 | Zot:5    | Noticed a dread lich
 94998 | Zot:5    | Killed a dread lich
 96458 | Zot:5    | Killed an orb of fire
 97145 | Zot:5    | Noticed an orb of fire
 97147 | Zot:5    | Gained mutation: You occasionally lose the ability to drink
                  | potions when taking damage. [an orb of fire]
 97150 | Zot:5    | Gained mutation: You sometimes lose your temper in combat.
                  | [an orb of fire]
 97588 | Zot:5    | Noticed a dread lich
 97591 | Zot:5    | Killed a dread lich
 98942 | Zot:5    | HP: 8/173 [orb of fire/fireball (61)]
100030 | Depths:1 | Bought the ring "Quhisk" {Drain rF+ rN++ AC+4 Str+2} for
                  | 650 gold pieces
100182 | Zot:4    | Gained mutation: Your spells are a little easier to cast,
                  | but a little less powerful. [an orb of fire]
100184 | Zot:4    | Gained mutation: Potions are less effective at restoring
                  | your health. [an orb of fire]
100190 | Zot:4    | Killed an orb of fire
100321 | Zot:5    | Noticed an ancient lich
100323 | Zot:5    | Killed an ancient lich
100599 | Zot:5    | Noticed an ancient lich
100602 | Zot:5    | Killed an ancient lich
104387 | Zot:5    | Got the Orb of Zot
104650 | D:12     | Noticed Ytzubuuc the pandemonium lord
104729 | D:12     | Noticed Mylit the pandemonium lord
104998 | D:$      | Escaped with the Orb!

Illustrated notes

Levels and vault maps discovered:
D:1:      dpeg_arrival_rooms_with_view, layout_loops_ring, serial_shops,
          nicolae_shop_hallway_plus, nicolae_shop_hallway_plus,
          nicolae_shop_crystal, shop, shop, minmay_pentomino_u4
D:2:      layout_basic, hellmonk_ecumenical_altar_zigzags, serial_shops,
          nicolae_shop_bloodbath_and_beyond, nicolae_shop_advertising_works
          [nicolae_subvault_shop_adworks], shop
D:3:      minmay_door_path, layout_loops_ring, lemuel_round_altar,
          serial_bayou_pond_e, st_stairs_8, kennysheep_generic_room_8,
          uniq_jessica
D:4:      layout_cave_pools, tgw_xom, minitemple, serial_shops,
          nicolae_take_the_stairs, minmay_distorted, uniq_menkaure
D:5:      layout_cave_pods, minmay_temple_entry_statues_fountains
D:6:      layout_loops_ring, mainiacjoe_overflow_brackets, uniq_blork_the_orc,
          uniq_edmund, uniq_prince_ribbit1
D:7:      layout_cave_pools, zin_purify, enter_bailey_4, minmay_misc_feat_rows
D:8:      layout_basic, nicolae_gozag_cash_rules_everything_around_me,
          mainiacjoe_overflow_alcove_1
D:9:      layout_long_grid, nzn_hepliaklqana_mist_gate, serial_glass,
          glass_columns_c, glass_columns_b, glass_columns_b, glass_columns_a,
          glass_columns_a, glass_columns_b, minmay_misc_feat_doors
D:10:     layout_loops_ring, marbit_many_paths, serial_aquarium,
          aquarium_bridge_square [aquarium_subvault_bridge,
          aquarium_subvault_bridge, aquarium_subvault_window,
          aquarium_subvault_wall], aquarium_bridge_square
          [aquarium_subvault_window, aquarium_subvault_window,
          aquarium_subvault_bridge, aquarium_subvault_bridge],
          aquarium_window_1, aquarium_window_1, aquarium_window_fake,
          aquarium_view_2d, uniq_erolcha
D:11:     layout_basic, erik_lair_orcish_takeover, orc_0_dummy, nicolae_titane,
          uniq_sonja, uniq_psyche
D:12:     layout_cave_pods
D:13:     layout_irregular_city, ebering_ghost_inner_flame, uniq_urug,
          uniq_maurice
D:14:     layout_stronghold, david_vaults_2, serial_shops,
          nicolae_shop_hallway_plus, shop, shop_statue,
          nicolae_dithmenos_shadow_blocks, nrook_loot_triangle,
          fedhas_altar_fruit_tree
D:15:     gammafunk_depths_entry_grave, layout_grid_maze, serial_shops, shop,
          gammafunk_ghost_wrathful_warriors, hangedman_decor_points,
          nemelex_lonely_heart_becter
Temple:   cyrus_temple_forest
Lair:1:   layout_small_grid
Lair:2:   layout_big_grid, swamp_mist, guppyfry_snake_entry_island,
          serial_bayou_shore_a, lemuel_fruit_tree, uniq_erica
Lair:3:   layout_cave_pods
Lair:4:   layout_loops_ring, nicolae_quartered_pool_medium
Lair:5:   due_jungle_book, layout_regular_city, minmay_slime_entry_jelly_boxes,
          cheibrodos_lair_lostbears, lemuel_fruit_fields
Swamp:1:  layout_basic_swamp, nicolae_swamp_feature_on_the_river_bank
Swamp:2:  layout_basic_swamp, evilmike_swamp_ruin_house_4
Swamp:3:  layout_basic_swamp, gammafunk_ghost_split, nicolae_swamp_tree_designs
Swamp:4:  swamp_old_school, layout_basic_swamp, statue_in_the_mist_lemuel,
          swamp_pool3, nicolae_swamp_bunyip_nook, uniq_nikola, uniq_mlioglotl
Snake:1:  layout_misc_corridors, serial_bayou_shore_b
Snake:2:  layout_gridlike, serial_shops, nicolae_square_shop
Snake:3:  layout_onion, hellmonk_ghost_happy_afterlife, nicolae_snake_snakewalk
Snake:4:  johnstein_snake_rune_scales, layout_layer_cave
Orc:1:    layout_diamond_mine
Orc:2:    grunt_orc_tribal_feast, layout_diamond_mine, gauntlet_entry_generic,
          portal_ice_cave_entry_pillars_2
Elf:1:    layout_gridlike, orc_legates
Elf:2:    elven_hall_of_blades_hangedman_original
          [infiniplex_blade_entry_pillars], layout_onion_city, serial_shops,
          nicolae_shop_behind_doors
Elf:3:    minmay_elf_hall_dome, layout_gridlike, serial_shops,
          nicolae_shop_stone, grunt_megastairs_2, uniq_saint_roka, uniq_donald
Vaults:1: mu_enter_wizlab_3, ontoclasm_vaults_shuriken, ontoclasm_vaults_pinch,
          grunt_vaults_trifunnel, vaults_room_fancy_cross, v_rooms_3, v_misc_1,
          nicolae_vaults_twisting_passages, vaults_room_boxed,
          dpeg_vaults_monster_box, nicolae_vaults_little_squares_5,
          ontoclasm_vaults_idyll, layout_vaults_omnicross, serial_shops,
          nicolae_shop_waterfront, nicolae_shop_stone, shop_fountains,
          nicolae_shop_trees, nicolae_shop_hallway_stairs
Vaults:2: portal_desolation_entry_holy_temple, nicolae_vaults_network_periphery,
          v_misc_29, v_misc_5, minmay_crypt_entry_necro_gods, v_misc_24,
          vaults_dpeg_diagonal, layout_vaults_omnigrid
Vaults:3: ontoclasm_vaults_ring_large, v_misc_26, v_misc_28, v_alt_pattern_4,
          nicolae_vaults_big_angled_halls, ontoclasm_vaults_loading_screen,
          nicolae_vaults_hallways_thing, vaults_room_pool,
          hangedman_vaults_stretched_pinwheel, v_misc_15,
          nicolae_vaults_little_squares_3, v_alt_pattern_2, vaults_room_pools,
          st_cross, v_misc_9, layout_vaults_omnibox
Vaults:4: v_pattern_4, v_misc_26, hangedman_vaults_stagger,
          ontoclasm_vaults_idyll, nicolae_vaults_little_squares_3,
          ontoclasm_vaults_misaligned, nicolae_vaults_yaktaur_gun_rack,
          st_cells, hangedman_vaults_capsules, nicolae_vaults_little_ls,
          layout_vaults_big_room, uniq_mennas
Vaults:5: serial_shops
Depths:1: layout_gridlike, hangedman_coc_ice_floe, abyss_entry_crystal,
          cheibriados_altar_1, minmay_shoptagon
Depths:2: nicolae_cairo_tiling_large, layout_honeycomb, grunt_hell_horde,
          hangedman_abyss_entry_splay, pan_entry, basic_altar
Depths:3: minmay_shoctagon, layout_small_grid, enter_ziggurat_f,
          nicolae_abyss_entry_one_way_or_another,
          hangedman_abyss_or_decor_jellyfish_corner, serial_shops,
          bzr_entry_customers, hell_entry, minmay_staircase_bubble
Depths:4: evilmike_zot_entry_basic, layout_basic, nrook_mini_vaults, hell_entry
Zot:1:    layout_misc_corridors, door_vault
Zot:2:    grunt_deathspiral_small, layout_onion_interference
Zot:3:    layout_onion_interference, zot_minivault_4
Zot:4:    cheibrodos_zot_enchanting_chambers, layout_cellular_growth
Zot:5:    layout_basic, st_stairs_13, hangedman_zot_decor_checkerboard,
          grunt_ministairs_10

Skill      XL: |  1  2  3  4  5  6  7  8  9 10 11 12 13 14 15 16 17 18 19 20 21 22 23 24 25 26 27 |
---------------+----------------------------------------------------------------------------------+-----
Earth Magic    | 4 5 6 7 8 10 12 13 14 16 18 20 22 23 25 26 27 | 27.0
Spellcasting   | 3 4 5 7 9 10 11 12 13 14 15 16 17 18 20 | 20.8
Conjurations   | 3 5 7 9 10 11 13 15 17 20 22 | 22.2
Fighting       | 3 5 7 9 11 13 14 15 16 17 | 17.9
Dodging        | 3 4 5 7 9 10 11 12 13 14 | 14.2
Evocations     | 3 4 6 |  6.0
Necromancy     | 2 3 |  3.0
Fire Magic     | 3 6 8 9 10 11 13 15 16 18 20 | 20.8
Shields        | 4 7 |  7.7
Stealth        | |  2.1
Transmutations | |  0.7

Action                   |  1- 3 |  4- 6 |  7- 9 | 10-12 | 13-15 | 16-18 | 19-21 | 22-24 | 25-27 || total
-------------------------+-------+-------+-------+-------+-------+-------+-------+-------+-------++-------
Melee: Unarmed           |    10 |       |       |       |       |       |       |       |       ||    10
       Staff             |       |       |       |       |    11 |     1 |       |       |       ||    12
       Punch             |       |       |       |       |     1 |       |       |       |       ||     1
       Hand axe          |       |       |       |       |       |     3 |     7 |     6 |    16 ||    32
 Cast: Sandblast         |    61 |    50 |   176 |   274 |   421 |   395 |   170 |    19 |       ||  1566
       Lee's Rapid Decon |       |       |     2 |    81 |    80 |    11 |    16 |       |       ||   190
       Borgnjor's Vile C |       |       |       |     3 |   235 |   294 |   332 |    94 |    81 ||  1039
       Iron Shot         |       |       |       |       |    87 |   184 |   333 |   135 |   169 ||   908
       Fireball          |       |       |       |       |     3 |    22 |    20 |       |       ||    45
       Iskenderun's Myst |       |       |       |       |       |    85 |   169 |    19 |       ||   273
       Shatter           |       |       |       |       |       |       |       |   270 |   510 ||   780
       Fire Storm        |       |       |       |       |       |       |       |       |    16 ||    16
       Leda's Liquefacti |       |       |       |       |       |       |       |       |     2 ||     2
Evoke: Wand              |       |       |     1 |       |     1 |       |       |       |       ||     2
  Use: Scroll            |     3 |     3 |     7 |     4 |    19 |     9 |     3 |     4 |     6 ||    58
       Potion            |       |       |       |     1 |     1 |     2 |     1 |     2 |     2 ||     9
Armor: Robe              |    15 |     3 |     2 |       |       |       |       |       |       ||    20
       Leather armour    |       |       |    28 |    59 |   131 |   177 |   117 |    80 |   145 ||   737
       Animal skin       |       |       |       |       |    13 |       |       |       |    14 ||    27
Dodge: Dodged            |    23 |     5 |    90 |   124 |   362 |   395 |   296 |   164 |   276 ||  1735
Block: Buckler           |       |       |       |       |       |    24 |   101 |    69 |    82 ||   276

Table legend: (Time is in decaauts)
 A = Elapsed time spent in this place.
 B = Non-inter-level travel time spent in this place.
 C = Inter-level travel time spent in this place.
 D = Time resting spent in this place.
 E = Time spent auto-exploring this place.
 F = Levels seen in this place.
 G = Mean time per level.
                   A        B        C        D        E       F      G
               +--------+--------+--------+--------+--------+-----+--------+
         Total | 105966 | 101539 |   4427 |  46792 |  39994 |  53 | 1999.4 |
       Dungeon |  20153 |  18181 |   1972 |   3089 |  12164 |  15 | 1343.5 |
        Temple |     89 |     60 |     29 |      0 |     49 |   1 |   89.0 |
          Lair |  13622 |  12866 |    756 |   5970 |   4764 |   5 | 2724.4 |
         Swamp |   7988 |   7781 |    207 |   4315 |   2403 |   4 | 1997.0 |
     Snake Pit |   7940 |   7660 |    280 |   1906 |   4201 |   4 | 1985.0 |
  Orcish Mines |   2599 |   2413 |    186 |   1082 |    766 |   2 | 1299.5 |
   Elven Halls |   6735 |   6540 |    195 |   2141 |   3153 |   3 | 2245.0 |
        Vaults |  10523 |  10278 |    245 |   3434 |   5478 |   5 | 2104.6 |
        Depths |   7983 |   7698 |    285 |   4340 |   2889 |   4 | 1995.8 |
           Zot |  23970 |  23701 |    269 |  19260 |   2484 |   5 | 4794.0 |
        Bazaar |    130 |    130 |      0 |      0 |     77 |   1 |  130.0 |
        Bailey |    476 |    476 |      0 |     75 |    239 |   1 |  476.0 |
      Ice Cave |   1968 |   1968 |      0 |    651 |    787 |   1 | 1968.0 |
    Desolation |   1351 |   1351 |      0 |    398 |    493 |   1 | 1351.0 |
      Gauntlet |    432 |    432 |      0 |    130 |     46 |   1 |  432.0 |
               +--------+--------+--------+--------+--------+-----+--------+

Top non-repeatable levels by time:
   Zot:4: 9344 daAuts
  Lair:5: 4975 daAuts
   Zot:5: 4652 daAuts
   Zot:2: 3898 daAuts
Depths:4: 3731 daAuts
   Zot:3: 3406 daAuts
Vaults:4: 3350 daAuts
  Lair:4: 3322 daAuts
    D:15: 3110 daAuts
   Elf:3: 2714 daAuts
 Swamp:4: 2674 daAuts
   Zot:1: 2669 daAuts
   Elf:2: 2665 daAuts
 Snake:4: 2409 daAuts
 Swamp:2: 2033 daAuts
